 Dungeon Crawl Stone Soup version 0.19.0-24-gb05acd6 (webtiles) character file.

178 Banto the Slasher (level 5, -2/34 HPs)
             Began as a High Elf Skald on Nov 22, 2016.
             Slain by Grinder (9 damage)
             ... while paralysed by Grinder
             ... on level 4 of the Dungeon.
             The game lasted 00:03:22 (2520 turns).

Banto the Slasher (High Elf Skald)                  Turns: 2520, Time: 00:03:23

Health: -2/34      AC:  4    Str: 16    XL:     5   Next: 32%
Magic:  7/9        EV:  2    Int: 16    God:
Gold:   208        SH:  0    Dex: 15    Spells: 3 memorised, 3 levels left

rFire  . . .     SeeInvis .     k - +0 long sword
rCold  . . .     Gourm    .     b - +0 leather armour
rNeg   . . .     Faith    .     (no shield)
rPois  .         Spirit   .     q - +0 helmet
rElec  .         Reflect  .     (no cloak)
rCorr  .         Harm     .     (no gloves)
MR     .....                    (no boots)
Stlth  +.........               (no amulet)
                                (no ring)
                                f - +5 ring of strength

@: paralysed, infused
A: no striking features
a: no special abilities


You were on level 4 of the Dungeon.
You were not hungry.

You visited 1 branch of the dungeon, and saw 4 of its levels.

You collected 208 gold pieces.

Inventory:

Hand Weapons
 k - a +0 long sword (weapon)
Armour
 b - a +0 leather armour (worn)
 q - a +0 helmet (worn)
Jewellery
 f - a +5 ring of strength (left hand)
Scrolls
 g - 4 scrolls of remove curse
 h - a scroll of magic mapping
Potions
 a - a potion of heal wounds
 e - a potion of cure mutation {unknown}
 j - a potion of flight
 l - a potion of haste
 n - 3 potions of might
Books
 c - a book of Battle

   Spells                             Type                      Level
   a - Infusion                       Charms                       1
   b - Shroud of Golubria             Charms/Translocation         2
   c - Song of Slaying                Charms                       2
   d - Spectral Weapon                Hexes/Charms                 3
   e - Regeneration                   Charms/Necromancy            3
Comestibles
 d - 3 bread rations
 i - 3 chunks of flesh
 o - 2 fruits
 p - a meat ration


   Skills:
 - Level 2.0 Fighting
 + Level 5.1 Long Blades
 - Level 0.8 Armour
 + Level 4.0 Dodging
 - Level 2.4 Spellcasting
 - Level 3.6 Charms


You had 3 spell levels left.
You knew the following spells:

 Your Spells              Type           Power        Failure   Level  Hunger
a - Infusion              Chrm           ##..         8%          1    #......
b - Song of Slaying       Chrm           ##......     10%         2    ###....
c - Shroud of Golubria    Chrm/Tloc      #.........   21%         2    ###....


Dungeon Overview and Level Annotations

Branches:
Dungeon (4/15)
 Temple: D:4-7

Altars:
Fedhas
Gozag
Hepliaklqana
Xom

Annotations:
D:4 Grinder


Message History

You throw a javelin. The javelin closely misses Grinder.
Grinder gestures at you. You resist with significant effort.
Casting: Infusion
Confirm with . or Enter, or press ? or * to list all spells.
You begin infusing your attacks with magical energy.
You now have 8/9 mp.
You slash Grinder!
Grinder is heavily wounded.
Grinder hits you!
You take 7 damage, and have 27/34 hp.
MASSIVE DAMAGE!!
You now have 7/9 mp.
You barely miss Grinder.
Grinder is heavily wounded.
Grinder gestures at you.
You suddenly lose the ability to move!
Grinder hits you!
You writhe in agony.
Grinder hits you!
* * * LOW HITPOINT WARNING * * *
Grinder hits you!
You die...

..###.......#.# #..
...................
....._......#.#.#(#
............#......
............#...#(##
.._..⌠.._...#..^#(.
................#.# #
.#........#...#.#5#...
....._..........@.#.#.#
####...######.#.#.....#
###.######.#...#.#.#
####.........#..#...
#............#..#...#
###...................#
..)..................[.
###....................
###.....###.#.#.#.#.#.#


You could see Grinder.

Vanquished Creatures
  Terence (D:2)
  2 worker ants (D:4)
  3 gnolls (D:4)
  2 adders
  An ooze (D:1)
  A dart slug (D:3)
  3 leopard geckos
  3 orcs (D:3)
  A ball python (D:2)
  10 bats
  2 giant cockroaches
  5 goblins
  5 hobgoblins
  3 jackals (D:4)
  A quokka (D:3)
  2 frilled lizards
  3 kobolds
  7 rats
55 creatures vanquished.

Notes
Turn   | Place    | Note
-------+----------+-------------------------------------------
     0 | D:1      | Banto the High Elf Skald began the quest for the Orb.
     0 | D:1      | Reached XP level 1. HP: 14/14 MP: 4/4
   118 | D:1      | Reached skill level 3 in Long Blades
   118 | D:1      | Reached XP level 2. HP: 14/19 MP: 1/6
   692 | D:2      | Reached XP level 3. HP: 22/24 MP: 7/7
  1051 | D:2      | Noticed Terence
  1066 | D:2      | Killed Terence
  1066 | D:2      | Reached XP level 4. HP: 22/29 MP: 6/8
  1248 | D:3      | Reached skill level 4 in Long Blades
  1876 | D:3      | Learned a level 2 spell: Song of Slaying
  1879 | D:3      | Learned a level 2 spell: Shroud of Golubria
  2260 | D:4      | Found a blossoming altar of Fedhas.
  2261 | D:4      | Found a hazy altar of Hepliaklqana.
  2262 | D:4      | Found a shimmering altar of Xom.
  2264 | D:4      | Found an opulent altar of Gozag.
  2276 | D:4      | Reached XP level 5. HP: 25/34 MP: 1/9
  2369 | D:4      | Reached skill level 5 in Long Blades
  2510 | D:4      | Noticed Grinder
  2517 | D:4      | Paralysed by Grinder for 5 turns
  2520 | D:4      | Slain by Grinder

Skill      XL: |  1  2  3  4  5 |
---------------+----------------+-----
Long Blades    | 3 4 5 |  5.1
Dodging        | 2 3 4 |  4.0
Fighting       | |  2.0
Armour         | |  0.8
Spellcasting   | |  2.4
Charms         | |  3.6

Action                   |  1- 3 |  4- 6 || total
-------------------------+-------+-------++-------
Melee: Falchion          |    67 |       ||    67
       Long sword        |     7 |    55 ||    62
Throw: Javelin           |       |     4 ||     4
 Cast: Infusion          |    11 |     9 ||    20
       Shroud of Golubri |       |     2 ||     2
  Use: Scroll            |     7 |     5 ||    12
 Stab: Sleeping          |       |     1 ||     1
  Eat: Chunk             |     1 |     5 ||     6
Armor: Leather armour    |    17 |    10 ||    27
Dodge: Dodged            |    64 |    35 ||    99
       Rpst.: Falchion   |    17 |       ||    17
       Long sword        |     2 |    14 ||    16

Table legend:
 A = Turns spent in this place as a percentage of turns spent in the entire game.
 B = Non-inter-level travel turns spent in this place as a percentage of non-inter-level travel turns spent in the entire game.
 C = Inter-level travel turns spent in this place as a percentage of turns spent in this place.
 D = Turns resting spent in this place as a percentage of non-inter-level travel turns spent in this place.
 E = Turns spent auto-exploring this place as a percentage of non-inter-level travel turns spent in this place.
 F = Non-inter-level travel turns spent in this place divided by the number of levels of this place that you've seen.
                   A       B       C       D       E      F
               +-------+-------+-------+-------+-------+----------------------
         Total | 100.0 | 100.0 |   0.9 |   7.0 |  16.1 | 143.2
       Dungeon | 100.0 | 100.0 |   0.9 |   7.0 |  16.1 | 143.2
               +-------+-------+-------+-------+-------+----------------------

Table legend:
 A = Kills in this place as a percentage of kills in entire the game.
 B = Kills by you in this place as a percentage of kills by you in the entire game.
 C = Kills by friends in this place as a percentage of kills by friends in the entire game.
 D = Other kills in this place as a percentage of other kills in the entire game.
 E = Experience gained in this place as a percentage of experience gained in the entire game.
 F = Experience gained in this place divided by the number of levels of this place that you have seen.
                   A       B       C       D       E      F
               +-------+-------+-------+-------+-------+----------------------
         Total | 100.0 | 100.0 |  -nan |  -nan | 100.0 |  63.8
       Dungeon | 100.0 | 100.0 |  -nan |  -nan | 100.0 |  63.8
               +-------+-------+-------+-------+-------+----------------------
